 Dungeon Sprint DCSS version 0.28.0-53-g5a82cb258f (webtiles) character file.

Game seed: 4803290232667081885

119 Zeld the Conjurer (level 4, 0/24 HPs)
             Began as a Deep Elf Conjurer on June 6, 2022.
             Was an Elder of Sif Muna.
             Slain by Pargi (3 damage)
             ... in the Dungeon (Sprint VII: "The Pits").
             The game lasted 00:01:36 (1106 turns).

Zeld the Conjurer (Deep Elf Conjurer)               Turns: 1106, Time: 00:01:37

Health: 0/24       AC:  2    Str:  4    XL:     4   Next: 74%
Magic:  10/14      EV: 12    Int: 25    God:    Sif Muna [****..]
Gold:   0          SH:  0    Dex: 13    Spells: 13/16 levels left

rFire   . . .      SeeInvis .   (no weapon)
rCold   . . .      Faith    .   (no shield)
rNeg    . . .      Spirit   .   a - +0 robe
rPois   .          Reflect  .   (no helmet)
rElec   .          Harm     .   (no cloak)
rCorr   .          Rampage  .   (no gloves)
Will    .....      NoTele   +   (no boots)
Stlth   ++........              (no amulet)
HPRegen 0.08/turn               (no ring)
MPRegen 0.14/turn               (no ring)

@: hasted, very quick
A: no striking features
a: Renounce Religion, Channel Magic, Forget Spell, Divine Exegesis


You were in the Dungeon.
You worshipped Sif Muna.
Sif Muna was greatly pleased with you.
You visited 1 branch

Inventory:

Armour
 a - a +0 robe (worn)
Scrolls
 i - 5 scrolls of amnesia
 j - a scroll of summoning
Potions
 b - 6 potions of curing
 c - 6 potions of heal wounds
 e - 3 potions of magic
 f - 3 potions of berserk rage
 h - 2 potions of invisibility


   Skills:
 - Level 2.4 Dodging
 - Level 2.4 Stealth
 + Level 6.6 Spellcasting
 + Level 6.8 Conjurations
 - Level 2.0 Hexes
 - Level 2.0 Translocations
 * Level 6.6 Invocations


You had 13 spell levels left.
You knew the following spells:

 Your Spells              Type           Power      Damage    Failure   Level
a - Magic Dart            Conj           100%       1d8       1%          1
b - Searing Ray           Conj           84%        2d7       1%          2

Your spell library contained the following spells:

 Spells                   Type           Power      Damage    Failure   Level
 Dazzling Flash           Conj/Hex       60%        N/A       3%          3
 Fulminant Prism          Conj/Hex       15%        3d11      12%         4
 Iskenderun's Mystic Bla  Conj/Tloc      30%        2d8       12%         4


Dungeon Overview and Level Annotations

Branches:
Dungeon (1/1)

Altars:
Ashenzari
Cheibriados
Dithmenos
Elyvilon
Fedhas
Gozag
Hepliaklqana
Kikubaaqudgha
Makhleb
Nemelex Xobeh
Okawaru
Qazlal
Ru
Sif Muna
Trog
Uskayaw
Vehumet
Wu Jian
Xom
Yredelemnul
Zin
The Shining One
Beogh
Jiyva
Lugonu

Annotations:
D Pargi


Message History

You kill the orc!
Sif Muna accepts your kill.
Unknown command.
Without enough magic to sustain it, your searing ray dissipates.
You start resting.
Pargi the Meek comes into view.
Pargi bites you but does no damage. Pargi claws you but does no damage.
Pargi claws you.
Pargi is nearby!
Pargi misses you. Pargi barely misses you. Pargi claws you.
* * * LOW HITPOINT WARNING * * *
Pargi is nearby!
Pargi completely misses you. Pargi barely misses you. Pargi closely misses you.
Blink to where?
Press: ? - help, Dir - move target
As you read the scroll of blinking, it crumbles to dust.
Magic courses through your body.
Casting: Searing Ray (safe; 1% risk of failure)
Confirm with . or Enter, or press ? or * to list all spells.
You don't know that spell.
Casting: Searing Ray (safe; 1% risk of failure)
Confirm with . or Enter, or press ? or * to list all spells.
Aiming: Searing Ray (safe; 1% risk of failure)
Press: ? - help, Shift-Dir - straight line, f - Pargi
Aim: Pargi (77% to hit)
The searing ray hits Pargi!
Pargi is moderately wounded. (Press . to maintain the ray.)
The searing ray misses Pargi.
Pargi hisses menacingly.
The searing ray misses Pargi.
The searing ray hits Pargi!
Pargi is heavily wounded.
You finish channelling your searing ray.
Pargi bites you.
* * * LOW HITPOINT WARNING * * *
Pargi barely misses you. Pargi claws you.
* * * LOW HITPOINT WARNING * * *
You feel yourself speed up. Pargi barely misses you. Pargi claws you.
You die...

########## ________.#
________.#
______...###########++####
########'##...............
?(.')))'.##......#..#.....
########.##...............
..........'...............
#####'#####.....@#..#....
#..#...'.##......T........
#..#...#.#####'#####++####
#..#####)##.......#
#..'...#.##.......#
#..'...'.##.......#
#..########...<...#
#..'.)))[##.......#
#..#.)))[##.......#


You could see Pargi.

Vanquished Creatures
  An iron imp (D)
  2 orc wizards (D)
  A river rat (D)
  2 white imps (D)
  2 ufetubi (D)
  3 orcs (D)
  A ball python skeleton (D)
  A bat (D)
  2 quokka skeletons (D)
  A rat (D)
16 creatures vanquished.

Notes
Turn   | Place    | Note
-------+----------+-------------------------------------------
     0 | D        | Zeld the Deep Elf Conjurer began the quest for the Orb.
     0 | D        | Reached XP level 1. HP: 10/10 MP: 6/6
    20 | D        | Found a bloodstained altar of Trog.
    20 | D        | Found a shimmering blue altar of Sif Muna.
    20 | D        | Found a viscous altar of Jiyva.
    20 | D        | Found a hazy altar of Hepliaklqana.
    20 | D        | Found an opulent altar of Gozag.
    21 | D        | Found a glowing golden altar of the Shining One.
    21 | D        | Found a glowing silver altar of Zin.
    21 | D        | Found a basalt altar of Yredelemnul.
    21 | D        | Found a shimmering altar of Xom.
    21 | D        | Found an ornate altar of the Wu Jian Council.
    21 | D        | Found a sacrificial altar of Ru.
    21 | D        | Found a stormy altar of Qazlal.
    21 | D        | Found an iron altar of Okawaru.
    21 | D        | Found a sparkling altar of Nemelex Xobeh.
    21 | D        | Found a burning altar of Makhleb.
    21 | D        | Found a blossoming altar of Fedhas.
    21 | D        | Found a white marble altar of Elyvilon.
    21 | D        | Found a shadowy altar of Dithmenos.
    21 | D        | Found a snail-covered altar of Cheibriados.
    22 | D        | Found a radiant altar of Vehumet.
    22 | D        | Found a corrupted altar of Lugonu.
    23 | D        | Found an ancient bone altar of Kikubaaqudgha.
    23 | D        | Found a hide-covered altar of Uskayaw.
    23 | D        | Found a broken altar of Ashenzari.
    24 | D        | Became a worshipper of Sif Muna the Loreminder
   303 | D        | Reached skill level 5 in Conjurations
   303 | D        | Reached XP level 2. HP: 15/15 MP: 1/9
   306 | D        | Learned a level 2 spell: Searing Ray
   555 | D        | Reached * piety under Sif Muna
   791 | D        | Reached ** piety under Sif Muna
   794 | D        | Reached XP level 3. HP: 14/19 MP: 4/11
  1050 | D        | Reached skill level 5 in Spellcasting
  1050 | D        | Reached *** piety under Sif Muna
  1052 | D        | Reached skill level 5 in Invocations
  1052 | D        | Reached XP level 4. HP: 9/24 MP: 7/14
  1064 | D        | Reached **** piety under Sif Muna
  1081 | D        | Noticed Pargi
  1106 | D        | Slain by Pargi

Illustrated notes

Levels and vault maps discovered:
D:        pitsprint [storerooms_1, entrance_room_1, metal_vault_3, armoury_1,
          mini_pit_1, grid_room_1, main_hall_1, silver_pit, the_coven_1,
          the_vestibule_1, steel_vault_4, golden_pit, hallway_of_sentries,
          crystal_vault_1, iron_vault_1, final_vault]

Skill      XL: |  1  2  3  4 |
---------------+-------------+-----
Hexes          | 2 |  2.0
Translocations | 2 |  2.0
Spellcasting   | 4 6 |  6.6
Conjurations   | 5 6 |  6.8
Invocations    | 2 3 5 6 |  6.6
Dodging        | |  2.4
Stealth        | |  2.4

Action                   |  1- 3 |  4- 6 || total
-------------------------+-------+-------++-------
Melee: Unarmed           |     2 |       ||     2
 Cast: Magic Dart        |    11 |       ||    11
       Searing Ray       |     4 |     3 ||     7
  Use: Potion            |       |     2 ||     2
       Scroll            |       |     1 ||     1
Armor: Robe              |     8 |     2 ||    10
Dodge: Dodged            |    16 |     7 ||    23
